 Dungeon Crawl Stone Soup version 0.30.1-3-gfc49f6343a (webtiles) character file.

Game seed: 12835892126514664167

39025 Peloso the Fencer (level 13, -4/122 (123) HPs)
             Began as a Minotaur Fighter on Aug 5, 2023.
             Was an Elder of Okawaru.
             Slain by a death scarab (18 damage)
             ... in a Gauntlet.
             The game lasted 00:42:52 (20090 turns).

Peloso the Fencer (Minotaur Fighter)               Turns: 20090, Time: 00:42:52

HP:   -4/122 (123)  AC: 21    Str: 23    XL:     13   Next: 67%
MP:   0/13          EV:  9    Int:  5    God:    Okawaru [****..]
Gold: 1433          SH:  7    Dex: 13    Spells: 12/12 levels left

rFire   . . .        a - +4 long sword of Piustreda {elec, rPois}
rCold   + . .        d - +0 buckler
rNeg    . . .        C - +1 plate armour
rPois   +            (helmet restricted)
rElec   .            (no cloak)
rCorr   .            j - +0 pair of gloves
SInv    .            x - +0 pair of boots
Will    .....        n - amulet of guardian spirit Stlth
                     r - ring of poison resistance
HPRegen 0.40/turn    F - ring of protection from cold
MPRegen 0.13/turn

%: no teleportation, guardian spirit
@: hasted and slowed, lightly drained
A: horns 2, retaliatory headbutt
a: Renounce Religion, Heroism, Finesse


You were in a Gauntlet.
You worshipped Okawaru.
Okawaru was greatly pleased with you.
You visited 4 branches of the dungeon, and saw 18 of its levels.
You also visited: Gauntlet.

You collected 1524 gold pieces.
You spent 91 gold pieces at shops.

Inventory:

Hand Weapons
 a - the +4 long sword of Piustreda (weapon) {elec, rPois}
   (Okawaru gifted it to you on level 12 of the Dungeon)

   rPois:     It protects you from poison.
 b - a +1 vampiric long sword
 c - a +0 trident of flaming
Armour
 d - a +0 buckler (worn)
 j - a +0 pair of gloves (worn)
 w - a +0 chain mail of cold resistance
 x - a +0 pair of boots (worn)
 C - a +1 plate armour (worn)
Jewellery
 n - an amulet of guardian spirit (around neck)
 r - a ring of poison resistance (left hand)
 t - a ring of magical power
 E - a ring of fire
 F - a ring of protection from cold (right hand)
 G - a ring of protection from fire
 K - a ring of magical power
 L - a ring of protection from cold
Wands
 e - a wand of flame (62)
 y - a wand of iceblast (1)
Scrolls
 f - a scroll of blinking
 i - a scroll of amnesia
 o - 6 scrolls of fear
 q - 3 scrolls of brand weapon
 u - 2 scrolls of identify
 A - 3 scrolls of magic mapping
 D - 2 scrolls of noise
 H - a scroll of immolation
 I - a scroll of enchant weapon
 N - a scroll of poison
Potions
 g - 2 potions of haste
 h - 5 potions of might
 k - 3 potions of resistance
 l - a potion of flight
 m - a potion of curing
 p - 3 potions of berserk rage
 s - a potion of invisibility
 v - 2 potions of lignification
 z - 4 potions of brilliance
 B - 2 potions of mutation
 J - 2 potions of cancellation
Miscellaneous
 M - a phial of floods


   Skills:
 + Level 13.7 Fighting
 + Level 15.4 Long Blades
 + Level 3.1 Polearms
 + Level 15.0 Armour
 + Level 4.5 Dodging
 + Level 2.3 Stealth
 + Level 11.7 Shields
 + Level 2.2 Invocations
 + Level 2.2 Evocations


You had 12 spell levels left.
You didn't know any spells.
Your spell library contained the following spells:

 Spells                   Type           Power      Damage    Failure   Level
 Kiss of Death            Conj/Necr      0%         2d5       99%         1
 Confusing Touch          Hex            0%         N/A       100%        3
 Inner Flame              Hex/Fire       0%         N/A       100%        3
 Portal Projectile        Hex/Tloc       0%         N/A       100%        3
 Swiftness                Air            0%         N/A       100%        3
 Vhi's Electric Charge    Tloc/Air       0%         N/A       100%        3
 Dispel Undead            Necr           0%         3d6       100%        4
 Leda's Liquefaction      Hex/Erth       0%         N/A       100%        4
 Arcjolt                  Conj/Air       0%         1d10      100%        5
 Yara's Violent Unravell  Hex/Tmut       0%         3d3       100%        5
 Enfeeble                 Hex            0%         N/A       100%        7
 Maxwell's Capacitive Co  Air            0%         ∞         100%        8
 Call Canine Familiar     Summ           Unusable   N/A       N/A         3
 Summon Ice Beast         Ice/Summ       Unusable   N/A       N/A         4
 Summon Mana Viper        Hex/Summ       Unusable   N/A       N/A         5
 Monstrous Menagerie      Summ           Unusable   N/A       N/A         7
 Summon Horrible Things   Summ           Unusable   N/A       N/A         8

Dungeon Overview and Level Annotations

Branches:
Dungeon (12/15)            Temple (1/1) D:7            Lair (3/5) D:8
  Swamp (0/4) Lair:2        Snake (0/4) Lair:3          Orc (2/2) D:10
    Elf (0/3) Orc:2       Gauntlet (1/1)

Altars:
Ashenzari
Cheibriados
Dithmenos
Elyvilon
Fedhas
Gozag
Hepliaklqana
Kikubaaqudgha
Makhleb
Nemelex Xobeh
Okawaru
Qazlal
Ru
Sif Muna
Trog
Uskayaw
Vehumet
Wu Jian
Xom
Yredelemnul
Zin
The Shining One

Shops:
D:6 :   Orc:2 **!*

Annotations:
Temple 2 transporters Gauntlet 11 transporters, exclusion: 2 lightning spires


Innate Abilities, Weirdness & Mutations

You have a pair of horns on your head.
You reflexively headbutt those who attack you in melee.


Message History

* * * LOW HITPOINT WARNING * * *
The death scarab draws strength from your injuries!
You feel better. The death scarab bites you.
* * * LOW HITPOINT WARNING * * *
The death scarab drains your vigour!
You feel as though you will be slow longer.
The death scarab draws strength from your injuries!
You feel better. The death scarab barely misses you.
You feel better.
The death scarab bites you but does no damage.
The death scarab bites you!
* * * LOW HITPOINT WARNING * * *
The death scarab draws strength from your injuries!
You block the death scarab's attack.
You feel better. The death scarab bites you!!
* * * LOW HITPOINT WARNING * * *
The death scarab drains your vigour!
You feel as though you will be slow longer.
The death scarab draws strength from your injuries!
Unknown command.
You feel better. You block the death scarab's attack.
The death scarab bites you but does no damage.
You feel better. The death scarab closely misses you. You furiously retaliate!
You headbutt the death scarab.
You hit the death scarab but do no damage.
Your headbutt misses the death scarab.
The death scarab is lightly damaged.
The death scarab bites you but does no damage.
You slash the death scarab!
The death scarab is heavily damaged.
The death scarab bites you!
* * * LOW HITPOINT WARNING * * *
The death scarab draws strength from your injuries!
Unknown command.
You barely miss the death scarab.
The death scarab is heavily damaged.
The death scarab bites you but does no damage.
Unknown command.
You feel better. The death scarab bites you!!
You die...

..........8.§...8.....8.##
#########...............≈#
......EE#...#########...##
.......E#...#"}#.##.#...≈#
.#...#.h######.##..##...##
.......h#...###..#.##...§#
...©....#©8©#©.#B##.#©8.##
........#...##.##BZ##...§#
.#...#..#######.@#Z##...##
......hE#...#?.#.##.#...≈#
☼☼.☼○RhE#...#########...##
#########...............≈#
..........8.....8.....8.##
...8.....................##
...........###########...≈#
########...#.3#3#3##3#...##
.h8....#...#......3#.#.∩§§#


You could see a spectral komodo dragon, a spectral four-headed hydra, 4
sixfirhies and 2 death scarabs.

Vanquished Creatures
  Josephine (D:10)
  A hydra (Lair:2)
  3 two-headed ogres
  4 death yaks (Lair:1)
  Sonja (Orc:2)
  5 skeletal warriors
  A deep elf pyromancer (D:12)
  A bog body (Lair:2)
  3 orc knights
  3 cyclopes
  A black mamba (Lair:3)
  2 gargoyles
  3 cane toads
  2 unseen horrors
  A rime drake (Lair:2)
  3 komodo dragons
  10 trolls
  Grinder (D:5)
  2 hornets
  7 blink frogs
  A spectral elephant (Gauntlet)
  A spectral black mamba (Gauntlet)
  2 shadows
  A fire elemental (D:12)
  4 wraiths (D:10)
  46 yaks
  4 wyverns
  5 slime creatures
  A basilisk (D:12)
  3 steam dragons
  3 wargs
  2 nagas (Lair:3)
  Edmund (D:6)
  An acid dragon (D:10)
  5 water moccasins
  34 orc warriors
  A black bear (D:7)
  An ice beast (D:8)
  6 ogres
  3 wolves (Lair:1)
  22 centaurs
  10 bullfrogs
  A kobold brigand (D:9)
  2 scorpions
  7 wights
  4 howler monkeys
  2 electric eels
  5 hounds
  A jelly (D:6)
  A gnoll bouda (D:7)
  8 orc priests
  A sleepcap (D:5)
  3 iguanas
  23 orc wizards
  7 adders
  11 gnolls
  A shadow imp (D:6)
  2 white imps
  2 ufetubi
  2 worms (D:2)
  2 dart slugs
  61 orcs
  3 ball pythons
  4 bats
  8 endoplasms
  4 giant cockroaches
  6 goblins
  6 hobgoblins
  4 jackals (D:1)
  10 kobolds
  A quokka (D:2)
  7 frilled lizards
  5 rats
416 creatures vanquished.

Notes
Turn   | Place    | Note
-------+----------+-------------------------------------------
     0 | D:1      | Peloso the Minotaur Fighter began the quest for the Orb.
     0 | D:1      | Reached XP level 1. HP: 19/19 MP: 0/0
    88 | D:1      | Reached XP level 2. HP: 24/27 MP: 1/1
   389 | D:1      | Reached XP level 3. HP: 33/33 MP: 2/2
   787 | D:2      | Found a faded altar of an unknown god.
  1209 | D:2      | Reached XP level 4. HP: 31/40 MP: 3/3
  1873 | D:3      | Reached XP level 5. HP: 47/47 MP: 4/4
  2137 | D:4      | Found a bloodstained altar of Trog.
  2140 | D:4      | Found a sparkling altar of Nemelex Xobeh.
  2142 | D:4      | Found a broken altar of Ashenzari.
  2144 | D:4      | Found a hide-covered altar of Uskayaw.
  2547 | D:5      | Entered Level 5 of the Dungeon
  2568 | D:5      | Reached skill level 5 in Armour
  2692 | D:5      | Reached XP level 6. HP: 48/53 MP: 5/5
  2798 | D:5      | Reached skill level 5 in Long Blades
  3169 | D:5      | Noticed a troll
  3182 | D:5      | Killed a troll
  3183 | D:5      | Reached skill level 5 in Fighting
  3183 | D:5      | Reached skill level 1 in Dodging
  3183 | D:5      | Reached XP level 7. HP: 5/61 MP: 6/6
  3704 | D:5      | Noticed Grinder
  3713 | D:5      | Paralysed by Grinder for 3 turns
  3717 | D:5      | Killed Grinder
  3718 | D:5      | Reached skill level 5 in Shields
  3988 | D:6      | Got the Incunable of Overhead Companions
  3990 | D:6      | Found Ziecoso's Vocational Training.
  3995 | D:6      | Noticed a steam dragon
  3998 | D:6      | Noticed Edmund
  4009 | D:6      | Killed a steam dragon
  4010 | D:6      | Reached XP level 8. HP: 65/69 MP: 7/7
  4021 | D:6      | Killed Edmund
  4996 | D:7      | Reached XP level 9. HP: 75/78 MP: 8/8
  5066 | D:7      | Reached skill level 1 in Evocations
  5103 | D:7      | Found a burning altar of Makhleb.
  5537 | D:7      | Found a staircase to the Ecumenical Temple.
  5771 | Temple   | Entered the Ecumenical Temple
  5771 | Temple   | Found a transporter.
  5771 | Temple   | Found a transporter.
  5773 | Temple   | Found a transporter.
  5773 | Temple   | Found a transporter.
  5787 | Temple   | Became a worshipper of Warmaster Okawaru
  6069 | D:8      | Identified the +9 dagger "Sycu Mao" {heavy, +Blink Str+4}
  6106 | D:8      | Reached skill level 10 in Long Blades
  6260 | D:8      | Found a staircase to the Lair.
  6261 | D:8      | Noticed a komodo dragon
  6281 | D:8      | Killed a komodo dragon
  6640 | D:8      | Identified the +6 war axe of Bloody Death {vamp, Fragile
                  | rC+ rCorr Dex+4}
  6896 | D:9      | Reached * piety under Okawaru
  7023 | D:8      | Reached XP level 10. HP: 54/88 MP: 9/9
  7326 | D:9      | Reached ** piety under Okawaru
  7526 | D:8      | Reached skill level 1 in Stealth
  7961 | D:9      | Noticed a cyclops
  7987 | D:9      | Killed a cyclops
  7988 | D:9      | Reached skill level 10 in Armour
  8118 | D:9      | Reached *** piety under Okawaru
  8366 | D:10     | Entered Level 10 of the Dungeon
  8366 | D:10     | Found a staircase to the Orcish Mines.
  8718 | D:10     | Reached XP level 11. HP: 97/97 MP: 8/10
  8984 | D:10     | Noticed an orc knight
  9257 | D:10     | Noticed Josephine
  9287 | D:10     | Killed Josephine
  9287 | D:10     | Reached **** piety under Okawaru
  9734 | D:10     | Killed an orc knight
  9735 | D:10     | Reached skill level 10 in Fighting
 10577 | D:11     | Reached ***** piety under Okawaru
 11146 | D:11     | Found a glowing silver altar of Zin.
 11147 | D:11     | Noticed an angel
 11416 | D:12     | Noticed a two-headed ogre
 11425 | D:12     | Killed a two-headed ogre
 11503 | D:12     | Received a gift from Okawaru
 11617 | D:12     | Noticed a two-headed ogre
 11627 | D:12     | Killed a two-headed ogre
 11628 | D:12     | Reached XP level 12. HP: 59/108 MP: 11/11
 13000 | D:12     | Identified the +4 long sword of Piustreda {elec, rPois}
                  | (Okawaru gifted it to you on level 12 of the Dungeon)
 13000 | D:12     | Received a gift from Okawaru
 13542 | D:12     | Reached skill level 1 in Invocations
 13832 | Lair:1   | Entered Level 1 of the Lair of Beasts
 13994 | Lair:1   | Reached skill level 10 in Shields
 14412 | Lair:1   | Noticed a death yak
 14413 | Lair:1   | Noticed a death yak
 14413 | Lair:1   | Noticed a death yak
 14415 | Lair:1   | Noticed a death yak
 14429 | Lair:1   | Killed a death yak
 14434 | Lair:1   | Killed a death yak
 14434 | Lair:1   | Received a gift from Okawaru
 14442 | Lair:1   | Killed a death yak
 14450 | Lair:1   | Killed a death yak
 15435 | Lair:2   | Noticed a four-headed hydra
 15550 | Orc:1    | Entered Level 1 of the Orcish Mines
 15598 | Orc:1    | Reached XP level 13. HP: 102/119 MP: 13/13
 15752 | Orc:2    | Entered Level 2 of the Orcish Mines
 15771 | Orc:2    | Reached skill level 15 in Long Blades
 15953 | Orc:2    | Found a staircase to the Elven Halls.
 17001 | Orc:2    | Found Poleth's Distillery.
 17001 | Orc:2    | Found Jitueskohe's General Store.
 17003 | Orc:2    | Found Woigumm's Assorted Antiques.
 17005 | Orc:2    | Found Kilea's Assorted Antiques.
 17011 | Orc:2    | Bought a scroll labelled DUTHRE ARCHAUNIR for 31 gold
                  | pieces
 17163 | Orc:2    | Bought a scroll of identify for 30 gold pieces
 17167 | Orc:2    | Bought a scroll of identify for 30 gold pieces
 17564 | Orc:1    | Noticed Sonja
 17777 | Orc:2    | Killed Sonja
 18479 | Lair:2   | Found a staircase to the Swamp.
 18807 | Lair:2   | Reached skill level 1 in Polearms
 19652 | Lair:3   | Found a staircase to the Snake Pit.
 19710 | Lair:3   | Reached skill level 15 in Armour
 19735 | Lair:3   | Found a gate leading to a gauntlet.
 19795 | Gauntlet | Entered a Gauntlet
 19795 | Gauntlet | Found a transporter.
 19805 | Gauntlet | Found a transporter.
 19818 | Gauntlet | Found a transporter.
 19822 | Gauntlet | Found a transporter.
 19846 | Gauntlet | Found a transporter.
 19856 | Gauntlet | Found a transporter.
 19859 | Gauntlet | Found a transporter.
 19863 | Gauntlet | Found a transporter.
 19897 | Gauntlet | Found a transporter.
 19899 | Gauntlet | Found a transporter.
 19903 | Gauntlet | Found a transporter.
 19967 | Gauntlet | Found a transporter.
 20080 | Gauntlet | HP: 5/122 [death scarab (3)]
 20090 | Gauntlet | Slain by a death scarab

Illustrated notes

Levels and vault maps discovered:
D:1:      dreamdust_arrival_sigmund_warning, layout_basic, minmay_domino_2
D:2:      layout_basic, dreamdust_ecumenical_altar_statues
D:3:      layout_basic
D:4:      layout_rooms, minitemple
D:5:      layout_basic, uniq_grinder
D:6:      layout_loops_ring, hangedman_abyss_or_decor_stagger,
          nicolae_shop_vocational, uniq_edmund
D:7:      layout_rooms, mainiacjoe_overflow_24_doors, minmay_temple_entry_fiery,
          minivault_4
D:8:      layout_gridville, david_lair_shrubbed, kennysheep_crisscross
D:9:      layout_rooms, grunt_ministairs_5, amcnicky_mini_rare_corridor_liquid
D:10:     cheibrodos_steamvent, layout_basic, orc_0_dummy, uniq_josephine
D:11:     layout_long_grid, hangedman_abyss_or_decor_stabs, zin_angel
D:12:     layout_basic, kennysheep_generic_room_16
Temple:   hellmonk_temple_divided_pantheon
Lair:1:   layout_cave_pods, nicolae_quartered_pool_little, lemuel_fruit_tree,
          infiniplex_staircase_pool
Lair:2:   layout_regular_city, skrybe_swamp_entry_bodies
Lair:3:   layout_concentric_octagons, guppyfry_snake_entry_island,
          gauntlet_entry_generic, serial_bayou_pond_e
Orc:1:    layout_caves, uniq_sonja
Orc:2:    st_orc_rangers, layout_diamond_mine, nicolae_orc_sculptors_studio,
          nicolae_orc_crystal_geode
Gauntlet: minmay_gauntlet_mixed_oops_all_seconds
          [minmay_gauntlet_arena_77_tiled_triplets,
          gammafunk_gauntlet_arena_mazey, minmay_gauntlet_arena_77_museum,
          gammafunk_gauntlet_arena_hedges,
          minmay_gauntlet_arena_77_broken_ladder,
          gammafunk_gauntlet_arena_spirals, gauntlet_exit_hidden_loot]

Skill      XL: |  1  2  3  4  5  6  7  8  9 10 11 12 13 |
---------------+----------------------------------------+-----
Armour         | 4 5 6 7 9 10 12 14 15 | 15.0
Shields        | 4 5 6 7 8 9 10 11 | 11.7
Fighting       | 4 5 6 7 9 10 12 13 | 13.7
Long Blades    | 3 4 5 7 9 11 12 14 15 | 15.4
Dodging        | 1 2 3 4 |  4.5
Evocations     | 1 2 |  2.2
Stealth        | 1 2 |  2.3
Invocations    | 1 2 |  2.2
Polearms       | 3 |  3.1

Action                     |  1- 3 |  4- 6 |  7- 9 | 10-12 | 13-15 || total
---------------------------+-------+-------+-------+-------+-------++-------
  Melee: Long sword        |   100 |   143 |   304 |   894 |   362 ||  1803
         Headbutt          |     9 |    26 |    67 |   245 |    90 ||   437
         Trident           |       |       |       |       |     7 ||     7
 Invoke: Heroism           |       |       |       |    17 |    10 ||    27
  Evoke: Wand              |       |       |     7 |     7 |       ||    14
    Use: Potion            |     3 |       |     3 |     2 |     8 ||    16
         Scroll            |       |     4 |    12 |     7 |     6 ||    29
 Armour: Scale mail        |    58 |    78 |    11 |       |       ||   147
         Plate armour      |       |       |   170 |   407 |   291 ||   868
  Dodge: Dodged            |    61 |    47 |    98 |   251 |   213 ||   670
  Block: Buckler           |    25 |    32 |    70 |   258 |   210 ||   595
